 Dungeon Crawl Stone Soup version 0.16.1-7-g2c6721e (console) character file.

32 Monkaria the Slasher (level 3, 0/31 HPs)
             Began as a Minotaur Skald on Mar 29, 2015.
             Succumbed to an adder's poison
             ... on level 2 of the Dungeon.
             The game lasted 00:02:33 (1451 turns).

Monkaria the Slasher (Minotaur Skald)               Turns: 1451, Time: 00:02:33

Health: 0/31       AC:  5    Str: 15    XL:     3   Next: 8%
Magic:  3/3        EV: 11    Int:  9    God:
Gold:   30         SH:  0    Dex:  9    Spells: 1 memorised, 3 levels left

rFire  + . .     SeeInvis .     a - +0 falchion
rCold  + . .     Clarity  .     b - +0 leather armour
rNeg   . . .     SustAb   .     (no shield)
rPois  +         Gourm    .     (helmet restricted)
rElec  +         Spirit   .     (no cloak)
rCorr  +         Warding  .     h - +0 pair of gloves
rMut   .         Stasis   .     (no boots)
MR     +....                    i - amulet of inaccuracy (curse)
Stlth  +.........               (no ring)
                                m - ring of protection from magic

@: lethally poisoned (0 -> -5), resistant, somewhat resistant to hostile
enchantments, very unstealthy
A: retaliatory headbutt, horns 2, talons 1, rugged brown scales 1, weak 1
a: no special abilities


You were on level 2 of the Dungeon.
You were not hungry.

You visited 1 branch of the dungeon, and saw 2 of its levels.

You collected 30 gold pieces.

Inventory:

Hand weapons
 a - a +0 falchion (weapon)
Missiles
 e - 12 poisoned needles
Armour
 b - a +0 leather armour (worn)
 h - a +0 pair of gloves (worn)
Jewellery
 i - a cursed amulet of inaccuracy (around neck)
 m - a ring of protection from magic (left hand)
Scrolls
 k - a scroll of identify
 l - a scroll of teleportation
Books
 c - a book of Battle

   Spells                             Type                      Level
   a - Infusion                       Charms                       1
   b - Shroud of Golubria             Charms/Translocation         2
   c - Song of Slaying                Charms                       2
   d - Spectral Weapon                Hexes/Charms                 3
   e - Regeneration                   Charms/Necromancy            3
Comestibles
 d - 2 bread rations
 g - a meat ration
 n - a chunk of flesh


   Skills:
 + Level 3.4 Fighting
 * Level 3.6 Long Blades
 - Level 1.2 Armour
 - Level 1.1 Dodging
 - Level 1.3 Spellcasting
 - Level 2.0 Charms


You had 3 spell levels left.
You knew the following spells:

 Your Spells              Type           Power        Failure   Level  Hunger
a - Infusion              Chrm           #.....       21%         1    ##.....


Dungeon Overview and Level Annotations

Branches:
Dungeon (2/15)

Altars:


Innate Abilities, Weirdness & Mutations

You reflexively headbutt those who attack you in melee.
You have a pair of horns on your head.
You have sharp toenails.
You are partially covered in rugged brown scales (AC +1, +3% HP).
You are weak. (Str -2)


Message History

* * * LOW HITPOINT WARNING * * *
The adder barely misses you.
You are too injured to fight recklessly!
You hit the adder but do no damage. Your headbutt misses the adder.
The adder is lightly wounded.
* * * LOW HITPOINT WARNING * * *
You feel sick. The adder misses you.
Unknown command.
Drink which item? (? for menu, Esc to quit)
It was a potion of magic.
Magic courses through your body. The adder bites you but does no damage.
Drink which item? (? for menu, Esc to quit)
You feel extremely strange.
Rugged brown scales grow over part of your body.
Your toenails lengthen and sharpen.
You feel weaker. The adder bites you but does no damage. The adder bites you.
* * * LOW HITPOINT WARNING * * *
Drink which item? (? for menu, Esc to quit)
You feel protected.
You die...

### #<# #.#
#.# #.#
############.#
.......S@....#
##############


You could see an adder.

Vanquished Creatures
  An ooze (D:1)
  2 bats (D:1)
  A giant cockroach (D:1)
  9 goblins (D:1)
  4 hobgoblins (D:1)
  A ball python (D:1)
  2 giant geckos (D:1)
  2 giant newts (D:1)
  5 kobolds (D:1)
  2 rats (D:1)
29 creatures vanquished.

Notes
Turn   | Place    | Note
--------------------------------------------------------------
     0 | D:1      | Monkaria, the Minotaur Skald, began the quest for the Orb.
     0 | D:1      | Reached XP level 1. HP: 18/18 MP: 2/2
   293 | D:1      | Reached skill level 3 in Long Blades
   303 | D:1      | Reached XP level 2. HP: 15/25 MP: 2/2
  1216 | D:1      | Reached XP level 3. HP: 22/31 MP: 3/3
  1450 | D:2      | Gained mutation: You are partially covered in rugged brown scales (AC +1, +3% HP). [potion of mutation]
  1450 | D:2      | Gained mutation: You have sharp toenails. [potion of mutation]
  1450 | D:2      | Gained mutation: You are weak. (Str -2) [potion of mutation]
  1450 | D:2      | HP: 1/31 [adder (5)]
  1451 | D:2      | Succumbed to an adder's poison

Action                   || total
-------------------------++-------
Melee: Falchion          ||    99
  Use: Scroll            ||     3
       Potion            ||     3
  Eat: Chunk             ||     2
